 Dungeon Crawl Stone Soup version 0.23-a0-408-g9d4b7edeb2 (webtiles) character file.

12356 rvm the Martial Artist (level 11, 0/89 HPs)
             Began as a Demonspawn Monk on Nov 8, 2018.
             Was an Elder of Makhleb.
             Slain by a spiny frog (9 damage)
             ... on level 1 of the Lair of Beasts.
             The game lasted 00:33:16 (14707 turns).

rvm the Martial Artist (Demonspawn Monk)           Turns: 14707, Time: 00:33:16

Health: 0/89       AC: 16    Str: 18    XL:     11   Next: 61%
Magic:  0/18       EV:  7    Int: 12    God:    Makhleb [****..]
Gold:   61         SH:  0    Dex: 17    Spells: 10/10 levels left

rFire    . . .     SeeInvis +     - Unarmed
rCold    + . .     Gourm    .   (no shield)
rNeg     . . .     Faith    .   j - +0 plate armour
rPois    .         Spirit   +   h - +1 helmet
rElec    .         Reflect  .   d - +0 cloak
rCorr    .         Harm     .   (gloves unavailable)
MR       +....                  (no boots)
Stlth    ..........             z - amulet of guardian spirit
HPRegen  0.24/turn              C - ring of protection from magic
MPRegen  0.16/turn              m - ring of see invisible

@: mighty, lethally poisoned (0 -> -10)
A: claws 3, cold resistance 1, powered by pain 1, freezing cloud immunity
a: Minor Destruction, Lesser Servant of Makhleb, Major Destruction, Renounce
Religion


You were on level 1 of the Lair of Beasts.
You worshipped Makhleb.
Makhleb was greatly pleased with you.
You were not hungry.

You visited 3 branches of the dungeon, and saw 13 of its levels.

You collected 776 gold pieces.
You spent 715 gold pieces at shops.

Inventory:

Missiles
 c - 321 stones (quivered)
Armour
 d - a +0 cloak (worn)
 g - a scarf of resistance
 h - a +1 helmet (worn)
 j - a +0 plate armour (worn)
Jewellery
 m - a ring of see invisible (right claw)
 z - an amulet of guardian spirit (around neck)
 C - a ring of protection from magic (left claw)
Wands
 u - a wand of iceblast (7)
 x - a wand of random effects (9)
 y - a wand of clouds (5)
Scrolls
 a - 5 scrolls of amnesia
 i - a scroll of identify
 k - a scroll of enchant armour
 l - 2 scrolls of teleportation
 n - 2 scrolls of remove curse
 q - 2 scrolls of magic mapping
 s - 2 scrolls of fog
Potions
 e - 6 potions of flight
 o - a potion of heal wounds {unknown}
 p - a potion of magic
 r - a potion of mutation
 t - 2 potions of brilliance
 v - 3 potions of curing
 w - 3 potions of haste
 B - a potion of invisibility {unknown}
Miscellaneous
 A - a phial of floods
Comestibles
 b - 28 rations


   Skills:
 + Level 9.5 Fighting
 + Level 6.0 Armour
 - Level 2.6 Dodging
 - Level 1.7 Stealth
 * Level 12.1 Unarmed Combat
 + Level 9.4 Invocations


You had 10 spell levels left.
You didn't know any spells.
Your spell library contained the following spells:

 Spells                   Type           Power        Failure   Level  Hunger
 Animate Skeleton         Necr           N/A          100%        1    ##.....
 Pain                     Necr           #...         100%        1    ##.....
 Regeneration             Chrm/Necr      #.........   100%        3    ####...
 Vampiric Draining        Necr           #.........   100%        3    ####...
 Animate Dead             Necr           N/A          100%        4    #####..


Dungeon Overview and Level Annotations

Branches:
Dungeon (11/15)            Temple (1/1) D:7            Lair (1/6) D:8
    Orc: D:9-12

Altars:
Ashenzari
Cheibriados
Dithmenos
Elyvilon
Fedhas
Gozag
Hepliaklqana
Kikubaaqudgha
Makhleb
Nemelex Xobeh
Okawaru
Qazlal
Ru
Sif Muna
Trog
Uskayaw
Vehumet
Wu Jian
Xom
Yredelemnul
Zin
The Shining One

Shops:
D:4 (   D:5 =   D:6 :   D:10 *

Annotations:
D:1 exclusion: downstairs
D:7 2 transporters, glosham's ghost, novice TeAK
D:10 3 runed doors, Oniweupa's ghost, novice MiBe


Innate Abilities, Weirdness & Mutations

You have claws for hands.
Your flesh is cold resistant. (rC+)
You sometimes gain a little power by taking damage.
You are immune to freezing clouds.


Message History

The seven-headed hydra burns!
You kill the seven-headed hydra!
Makhleb accepts your kill.
Your Armour skill increases to level 6!
You barely miss the spiny frog. The spiny frog stings you.
* * * LOW HITPOINT WARNING * * *
You scratch the spiny frog.
The spiny frog is lightly wounded.
The spiny frog stings you but does no damage.
You claw the spiny frog!
The spiny frog is moderately wounded.
The spiny frog stings you!
* * * LOW HITPOINT WARNING * * *
You are lethally poisoned!
The spiny frog poisons you!
You mangle the spiny frog!!
The spiny frog is almost dead.
* * * LOW HITPOINT WARNING * * *
You feel sick. The spiny frog stings you!
You die...

### ###########
#####..#####P.##..##.###
........................
.......@F...............
............##.#..###...
............P###..####..
............####..#..#..
........................
........................
########.#####..P###.###
### #..## ### #P..# #


You could see a spiny frog.

Vanquished Creatures
  A hydra (Lair:1)
  An unseen horror (D:11)
  Pikel (D:5)
  An ugly thing (D:11)
  2 spiny frogs (Lair:1)
  7 hippogriffs
  A vampire (D:11)
  4 hogs (D:11)
  5 yaks
  2 wyverns (D:8)
  A human (D:11)
  Eustachio (D:5)
  A hungry ghost (D:10)
  Menkaure (D:7)
  4 ice beasts
  2 sky beasts
  7 black bears
  4 orc warriors
  3 phantoms
  An ogre (D:4)
  2 necrophages
  6 centaurs
  A crocodile (Lair:1)
  2 big kobolds
  5 bullfrogs
  3 jellies
  3 scorpions
  18 killer bees
  3 howler monkeys (D:11)
  2 electric eels
  5 crimson imps
  2 centaur zombies
  2 bullfrog skeletons
  2 hounds
  5 orc priests
  12 orc wizards
  A gnoll shaman (D:9)
  2 iguanas
  9 worker ants
  A hound skeleton (D:4)
  A worker ant zombie (D:11)
  7 gnolls
  13 adders
  2 shadow imps
  5 worms
  A dart slug (D:2)
  4 leopard geckos
  42 orcs
  6 ball pythons
  8 bats
  8 goblins
  6 hobgoblins
  5 jackals
  2 quokkas
  6 frilled lizards
  16 kobolds
  A quokka skeleton (D:9)
  A quokka zombie (D:6)
  5 rats
275 creatures vanquished.

Vanquished Creatures (collateral kills)
  Joseph (Lair:1)
1 creature vanquished.

Vanquished Creatures (others)
  A slave (D:5)
  5 plants (Lair:1)
6 creatures vanquished.

Grand Total: 282 creatures vanquished

Notes
Turn   | Place    | Note
-------+----------+-------------------------------------------
     0 | D:1      | rvm the Demonspawn Monk began the quest for the Orb.
     0 | D:1      | Reached XP level 1. HP: 18/18 MP: 1/1
   269 | D:1      | Reached skill level 3 in Unarmed Combat
   802 | D:1      | Found a sparkling altar of Nemelex Xobeh.
   824 | D:1      | Gained mutation: You have sharp fingernails. [demonic
                  | ancestry]
   824 | D:1      | Reached XP level 2. HP: 24/24 MP: 2/2
  1819 | D:2      | Gained mutation: You have very sharp fingernails. [demonic
                  | ancestry]
  1819 | D:2      | Reached XP level 3. HP: 26/29 MP: 3/3
  1824 | D:2      | Reached skill level 4 in Unarmed Combat
  2934 | D:3      | Reached XP level 4. HP: 22/35 MP: 4/4
  3470 | D:3      | Reached skill level 5 in Unarmed Combat
  3470 | D:3      | Reached XP level 5. HP: 28/41 MP: 5/5
  3766 | D:3      | Found a shattered altar of Ashenzari.
  3766 | D:3      | Found a glowing silver altar of Zin.
  3776 | D:3      | Found a white marble altar of Elyvilon.
  3779 | D:3      | Found a shadowy altar of Dithmenos.
  3780 | D:3      | Found a glowing golden altar of the Shining One.
  3921 | D:4      | Noticed an ogre
  4145 | D:4      | Found Ecruylich's Weapon Shoppe.
  4816 | D:5      | Entered Level 5 of the Dungeon
  4816 | D:5      | Noticed Pikel
  4816 | D:5      | Noticed a slave
  4816 | D:5      | Noticed a slave
  4816 | D:5      | Noticed a slave
  4816 | D:5      | Noticed a slave
  4850 | D:4      | Killed an ogre
  4850 | D:4      | Gained mutation: You sometimes gain a little power by
                  | taking damage. [demonic ancestry]
  4850 | D:4      | Reached XP level 6. HP: 48/48 MP: 6/6
  5049 | D:5      | Noticed an ice beast
  5073 | D:5      | Killed an ice beast
  5073 | D:5      | Reached skill level 6 in Unarmed Combat
  5342 | D:5      | Found a deep blue altar of Sif Muna.
  5525 | D:5      | Killed Pikel
  5525 | D:5      | Reached skill level 5 in Fighting
  5525 | D:5      | Reached skill level 7 in Unarmed Combat
  5525 | D:5      | Reached XP level 7. HP: 38/56 MP: 7/7
  5705 | D:5      | Noticed Eustachio
  5718 | D:5      | Killed Eustachio
  5718 | D:5      | Gained mutation: You have claws for hands. [demonic
                  | ancestry]
  5718 | D:5      | Reached XP level 8. HP: 33/64 MP: 8/8
  5724 | D:5      | Found Qeyqeg's Jewellery Emporium.
  5928 | D:5      | Reached skill level 8 in Unarmed Combat
  6809 | D:5      | Found an iron altar of Okawaru.
  6944 | D:6      | Reached skill level 9 in Unarmed Combat
  7105 | D:6      | Reached skill level 1 in Armour
  7583 | D:6      | Found Eqis's Book Shop.
  7922 | D:6      | Reached XP level 9. HP: 72/72 MP: 9/9
  8467 | D:7      | Noticed Menkaure
  8472 | D:7      | Killed Menkaure
  8773 | D:7      | Found a staircase to the Ecumenical Temple.
  8802 | Temple   | Entered the Ecumenical Temple
  8886 | Temple   | Became a worshipper of Makhleb the Destroyer
  8886 | Temple   | Reached * piety under Makhleb
  8886 | Temple   | Reached ** piety under Makhleb
  9013 | D:7      | Found a transporter.
  9013 | D:7      | Found a transporter.
  9013 | D:7      | Noticed glosham's ghost (novice TeAK)
  9065 | D:7      | Reached skill level 1 in Invocations
  9119 | D:7      | Noticed a queen bee
  9615 | D:8      | Reached skill level 10 in Unarmed Combat
  9966 | D:8      | Found a staircase to the Lair.
 10319 | D:9      | Found a bloodstained altar of Trog.
 10335 | D:8      | Gained mutation: Your flesh is cold resistant. (rC+)
                  | [demonic ancestry]
 10335 | D:8      | Reached XP level 10. HP: 80/80 MP: 13/13
 10751 | D:9      | Reached skill level 5 in Invocations
 11061 | D:9      | Reached *** piety under Makhleb
 11422 | D:10     | Entered Level 10 of the Dungeon
 11443 | D:10     | Reached skill level 11 in Unarmed Combat
 11666 | D:10     | Found a runed gate.
 11666 | D:10     | Found a runed gate.
 11667 | D:10     | Found a runed gate.
 11736 | D:10     | Noticed Oniweupa's ghost (novice MiBe)
 11909 | D:10     | Found Wiptum's Assorted Antiques.
 12213 | D:11     | Killed an unseen horror
 12237 | D:11     | Reached skill level 5 in Armour
 12330 | D:11     | Noticed a purple ugly thing
 12349 | D:11     | Killed a purple ugly thing
 12349 | D:11     | Gained mutation: You are immune to freezing clouds.
                  | [demonic ancestry]
 12349 | D:11     | Reached XP level 11. HP: 73/87 MP: 17/17
 12878 | D:11     | Reached **** piety under Makhleb
 13936 | D:5      | Bought an uncursed amulet of guardian spirit for 390 gold
                  | pieces
 13936 | D:5      | Bought an uncursed ring of protection from magic for 325
                  | gold pieces
 14048 | Lair:1   | Entered Level 1 of the Lair of Beasts
 14196 | Lair:1   | Noticed Joseph
 14209 | Lair:1   | Killed Joseph
 14245 | Lair:1   | Reached skill level 12 in Unarmed Combat
 14445 | Lair:1   | Noticed a seven-headed hydra
 14699 | Lair:1   | Killed a seven-headed hydra
 14707 | Lair:1   | Slain by a spiny frog

Vault maps used:
D:1:      giann_forest_graveyard, nemelex_diamond_rough_becter
D:2:      mumra_celtic_spiral_tile
D:3:      chequers_temple_overflow_minitemple, corexii_shack
D:4:      serial_shops, shop, serial_forest, infiniplex_forest_straight_4,
          infiniplex_forest_clump_cross, infiniplex_forest_clump_tiny,
          infiniplex_forest_clump_small
D:5:      nicolae_overflow_crystal_walls, serial_shops, shop, first_ration,
          lemuel_blue_sif_altar, uniq_pikel, uniq_eustachio
D:6:      serial_shops, nicolae_shop_stone
D:7:      temple_doors_cd, gammafunk_ghost_hive, uniq_menkaure
D:8:      lair_entry_dummy
D:9:      trog_ov_bears_minmay
D:10:     gammafunk_ghost_spectres, serial_shops, shop
D:11:     minmay_goldmine, grunt_livestock, minmay_crystal_water
Temple:   regret_index_temple_waves
Lair:1:   wad_woods_river_01, uniq_joseph

Skill      XL: |  1  2  3  4  5  6  7  8  9 10 11 |
---------------+----------------------------------+-----
Unarmed Combat | 3 4 5 7 9 10 11 12 | 12.1
Fighting       | 4 5 7 8 9 |  9.5
Armour         | 1 3 5 6 |  6.0
Invocations    | 4 8 9 |  9.4
Dodging        | |  2.6
Stealth        | |  1.7

Action                   |  1- 3 |  4- 6 |  7- 9 | 10-12 || total
-------------------------+-------+-------+-------+-------++-------
Melee: Unarmed           |   125 |   155 |   288 |   469 ||  1037
       Punch             |       |     4 |     7 |    17 ||    28
Throw: Stone             |     4 |       |       |     1 ||     5
Invok: Lesser Servant of |       |       |       |     4 ||     4
       Minor Destruction |       |       |       |     3 ||     3
       Major Destruction |       |       |       |     3 ||     3
Evoke: Wand              |       |       |       |     1 ||     1
  Use: Scroll            |     2 |     5 |     5 |     8 ||    20
       Potion            |       |     2 |     1 |     1 ||     4
 Stab: Sleeping          |     1 |       |       |       ||     1
  Eat: Chunk             |     4 |     6 |    16 |    13 ||    39
       Ration            |     1 |       |       |     1 ||     2
Armor: Robe              |     3 |       |       |       ||     3
       Scale mail        |    45 |    56 |    46 |       ||   147
       Skin              |       |     2 |       |       ||     2
       Plate armour      |       |       |   128 |   325 ||   453
Dodge: Dodged            |    64 |    47 |    87 |   109 ||   307

Table legend:
 A = Non-vault XP
 B = Vault XP
 C = Vault XP percentage of total XP
 D = Non-vault monster count
 E = Vault monster count
 F = Vault count percentage of total count
                 A         B        C        D         E       F
            +---------+---------+-------+---------+---------+-------
      Total |   14449 |    3203 |  18.1 |     252 |      24 |   8.7
            +---------+---------+-------+---------+---------+-------
        D:1 |      21 |       0 |   0.0 |      14 |       0 |   0.0
        D:2 |      45 |       0 |   0.0 |      14 |       0 |   0.0
        D:3 |     198 |       1 |   0.5 |      31 |       1 |   3.1
        D:4 |     198 |       0 |   0.0 |      14 |       0 |   0.0
        D:5 |    1088 |     781 |  41.8 |      22 |       2 |   8.3
        D:6 |     629 |       0 |   0.0 |      18 |       0 |   0.0
        D:7 |     880 |     172 |  16.3 |      10 |       1 |   9.1
        D:8 |    1882 |     133 |   6.6 |      33 |       1 |   2.9
        D:9 |    1785 |     133 |   6.9 |      32 |       1 |   3.0
       D:10 |    1869 |       0 |   0.0 |      20 |       0 |   0.0
       D:11 |    3489 |    1421 |  28.9 |      36 |      16 |  30.8
     Lair:1 |    2365 |     562 |  19.2 |       8 |       2 |  20.0
            +---------+---------+-------+---------+---------+-------
